 Dungeon Sprint DCSS version 0.30.1-4-g462c640d31 (webtiles) character file.

Game seed: 9661811492735092062

1253 Heoruswealwe the Carver (level 8, -16/75 HPs)
             Began as a Demigod Hunter on Sept 18, 2023.
             Demolished by a merfolk
             ... wielding a +0 trident
              (17 damage)
             ... in the Dungeon (Sprint V: "Ziggurat Sprint").
             The game lasted 00:12:15 (472 turns).

Heoruswealwe the Carver (Demigod Hunter)             Turns: 472, Time: 00:12:15

Health: -16/75     AC: 17    Str: 12    XL:     8   Next: 5%
Magic:  10/10      EV:  0    Int: 11    God:
Gold:   0          SH:  0    Dex: 37    Spells: 7/7 levels left

rFire   + . .        a - +11 Screaming Sword {sonic wave}
rCold   + . .        (no shield)
rNeg    . . .        c - +5 gold dragon scales
rPois   +            (no helmet)
rElec   .            (no cloak)
rCorr   .            (no gloves)
SInv    .            (no boots)
Will    .....        (no amulet) Stlth
                     k - +6 ring of dexterity
HPRegen 0.32/turn    j - +6 ring of dexterity
MPRegen 0.12/turn

%: no teleportation
@: no status effects
A: high MP 1, forlorn, divine attributes
a: no special abilities


You were in the Dungeon.
You visited 1 branch

Inventory:

Hand Weapons
 a - the +11 Screaming Sword (weapon) {sonic wave}
   (You found it in the Dungeon)
 b - the +9 sword of Power {lifebolt}
   (You found it in the Dungeon)
 g - the +11 plutonium sword {Contam Stlth-}
   (You found it in the Dungeon)

   Contam:    It causes magical contamination when unequipped.
   Stlth:     It makes you less stealthy.
 m - a +5 demon blade
 x - the +9 sword of Zonguldrok {reap}
   (You found it in the Dungeon)
Armour
 c - +5 gold dragon scales (worn)
 d - the +18 shield of the Gong {Loud rN+ Will+ rCorr EV-5}
   (You found it in the Dungeon)

   Loud:      It is deafeningly noisy when blocking attacks.
   EV:        It affects your evasion (-5).
   rN:        It protects you from negative energy.
   rCorr:     It protects you from acid and corrosion.
   Will:      It increases your willpower.
Jewellery
 j - a +6 ring of dexterity (right hand)
 k - a +6 ring of dexterity (left hand)
Scrolls
 i - 4 scrolls of blinking
Potions
 e - 3 potions of heal wounds
 f - 6 potions of haste
 h - 3 potions of berserk rage
 l - 4 potions of resistance
 n - 5 potions of might
 o - 10 potions of curing
 w - 2 potions of invisibility
Miscellaneous
 p - a phantom mirror


   Skills:
 + Level 8.7 Fighting
 * Level 12.0 Long Blades
 - Level 3.6 Ranged Weapons
 + Level 8.7 Dodging
 - Level 0.8 Stealth


You had 7 spell levels left.
You didn't know any spells.
Your spell library contained the following spells:

 Spells                   Type           Power      Damage    Failure   Level
 Poisonous Vapours        Pois/Air       0%         N/A       100%        2
 Mephitic Cloud           Conj/Pois/Air  0%         N/A       100%        3
 Freezing Cloud           Conj/Ice/Air   0%         6-21      100%        5


Dungeon Overview and Level Annotations

Branches:
Dungeon (1/1)

Annotations:
D 1 transporter


Innate Abilities, Weirdness & Mutations

You have an increased reservoir of magic. (+10% MP)
You shall have no god before yourself.
Your divine heritage dramatically boosts your attributes as you level up.


Message History

The merfolk hits you from afar with a +0 trident.
The merfolk hits you but does no damage.
You feel much better.
The merfolk hits you but does no damage.
The merfolk hits you with a +0 trident.
The merfolk hits you from afar with a +0 trident.
The merfolk hits you with a +0 trident!!
The merfolk hits you from afar with a +0 trident.
* * * LOW HITPOINT WARNING * * *
You feel much better. The merfolk hits you with a +0 trident!
The merfolk hits you with a +0 trident. The merfolk hits you with a +0 trident!
* * * LOW HITPOINT WARNING * * *
The merfolk hits you from afar with a +0 trident.
* * * LOW HITPOINT WARNING * * *
The merfolk hits you but does no damage.
Okay, then.
You feel much better. The merfolk hits you with a +0 trident.
The merfolk completely misses you. The merfolk hits you with a +0 trident!
* * * LOW HITPOINT WARNING * * *
The merfolk completely misses you.
The merfolk hits you from afar with a +0 trident!
* * * LOW HITPOINT WARNING * * *
You feel much better.
The merfolk hits you but does no damage. x2
The merfolk hits you with a +0 trident!
The merfolk hits you but does no damage.
The merfolk hits you from afar with a +0 trident.
You slice the merfolk!!
The merfolk is moderately wounded.
The merfolk hits you with a +0 trident.
The merfolk hits you but does no damage. x2
The merfolk hits you from afar with a +0 trident.
* * * LOW HITPOINT WARNING * * *
The merfolk hits you from afar with a +0 trident!!
* * * LOW HITPOINT WARNING * * *
Unknown command.
You closely miss the merfolk.
The merfolk is moderately wounded.
The merfolk hits you with a +0 trident!
You die...

▓.....▓.....▓.....▓
▓...†)▓..†).▓..©..▓
▓..©..▓..©..▓▓▓▓▓▓▓
▓▓▓▓▓▓▓▓▓▓▓▓▓▓▓▓▓▓▓
▓..8©8...▓..8©8...▓
▓..)=)...▓..)[)...▓
▓...)....▓..=m[...▓
▓........▓.mm.m...▓
▓........▓..m@....▓
▓.▓.†..▓.▓.▓....▓.▓
▓...©....▓...©....▓
▓▓▓▓▓▓▓▓▓▓▓▓▓▓▓▓▓▓▓


You could see 5 merfolk.

Vanquished Creatures
  A troll (D)
  A polar bear (D)
  A spriggan (D)
  An ice beast (D)
  2 black bears (D)
  2 ogres (D)
  A wolf (D)
  A phantom (D)
  A necrophage (D)
  A white imp (D)
  A bat simulacrum (D)
13 creatures vanquished.

Notes
Turn   | Place    | Note
-------+----------+-------------------------------------------
     0 | D        | Heoruswealwe the Demigod Hunter began the quest for the
                  | Orb.
     0 | D        | Reached XP level 1. HP: 17/17 MP: 3/3
     0 | D        | Found the +6 Majin-Bo {spellvamp, MP+6 Int+6}
     0 | D        | Found the +27 heavy crossbow "Sniper" {heavy, Acc+∞ SInv}
     0 | D        | Found the +10 dark maul {heavy}
     0 | D        | Found the +15 Maxwell's patent armour {-Cast -Tele rElec
                  | Will+ rCorr}
     0 | D        | Found the +18 shield of the Gong {Loud rN+ Will+ rCorr
                  | EV-5}
     0 | D        | Found the +16 obsidian axe {drain, demonic, Mesm Drain Fly
                  | SInv}
     0 | D        | Found the +7 great mace "Firestarter" {flame, immolate,
                  | rFlCloud rF++}
     0 | D        | Found the +6 shillelagh "Devastator" {shatter}
     0 | D        | Found the +11 plutonium sword {Contam Stlth-}
     0 | D        | Found the +8 lance "Wyrmbane" {slay drac, rPois rF+ rC+
                  | AC+3}
     0 | D        | Found the +9 sword of Zonguldrok {reap}
     0 | D        | Found the +13 scythe of Curses {drain, curses, Drain}
     0 | D        | Found the +9 sword of Power {lifebolt}
     0 | D        | Found the +7 mace of Variability {chaos, chaos arc}
     0 | D        | Found the +11 Singing Sword {sonic wave}
     0 | D        | Found the +8 storm bow {elec, penet}
     2 | D        | Found a transporter.
    59 | D        | Reached skill level 4 in Long Blades
    59 | D        | Reached XP level 2. HP: 27/27 MP: 4/4
   125 | D        | Entered arena 2.
   125 | D        | Noticed a necrophage
   125 | D        | Noticed a phantom
   125 | D        | Found a transporter.
   128 | D        | Killed a phantom
   129 | D        | Reached skill level 6 in Long Blades
   129 | D        | Reached XP level 3. HP: 34/34 MP: 5/5
   129 | D        | Reached XP level 4. HP: 41/41 MP: 6/6
   129 | D        | Killed a necrophage
   130 | D        | Reached skill level 5 in Fighting
   130 | D        | Reached skill level 7 in Long Blades
   130 | D        | Reached skill level 5 in Dodging
   140 | D        | Entered arena 3.
   140 | D        | Noticed an ogre
   140 | D        | Noticed a troll
   140 | D        | Noticed an ogre
   140 | D        | Found a transporter.
   144 | D        | Killed an ogre
   145 | D        | Reached skill level 8 in Long Blades
   145 | D        | Reached XP level 5. HP: 21/50 MP: 7/7
   146 | D        | Killed an ogre
   150 | D        | Killed a troll
   151 | D        | Reached skill level 10 in Long Blades
   151 | D        | Reached XP level 6. HP: 37/60 MP: 8/8
   228 | D        | Entered arena 4.
   228 | D        | Noticed a spriggan
   228 | D        | Found a transporter.
   232 | D        | Killed a spriggan
   233 | D        | Reached XP level 7. HP: 40/67 MP: 9/9
   240 | D        | Reached skill level 11 in Long Blades
   249 | D        | Got the ring of Silu {rPois rN+ Str+3}
   390 | D        | Entered arena 5.
   390 | D        | Noticed a polar bear
   390 | D        | Found a transporter.
   397 | D        | Killed a polar bear
   398 | D        | Reached skill level 12 in Long Blades
   398 | D        | Reached XP level 8. HP: 54/75 MP: 10/10
   462 | D        | Entered arena 6.
   462 | D        | Noticed a merfolk
   462 | D        | Noticed a merfolk
   462 | D        | Noticed a merfolk
   462 | D        | Noticed a merfolk
   462 | D        | Noticed a merfolk
   462 | D        | Found a transporter.
   471 | D        | HP: 1/75 [merfolk/+0 trident (19)]
   472 | D        | Demolished by a merfolk

Illustrated notes

Levels and vault maps discovered:
D:        sprint_v [room_start, room_1, room_2, room_3, room_4, room_5, room_6,
          room_7, room_8, room_9, room_10, room_11, room_12, room_13, room_14,
          room_15, room_16, room_17, room_18, room_19, room_20, room_21,
          room_22, room_23, room_24, room_25, room_26, room_27]

Skill      XL: |  1  2  3  4  5  6  7 |
---------------+----------------------+-----
Fighting       | 3 4 6 7 8 |  8.7
Long Blades    | 4 6 8 10 12 | 12.0
Dodging        | 3 4 5 7 8 |  8.7
Ranged Weapons | |  3.6
Stealth        | |  0.8

Action                     |  1- 3 |  4- 6 |  7- 9 || total
---------------------------+-------+-------+-------++-------
  Melee: Double sword      |     2 |     8 |    17 ||    27
    Use: Potion            |     1 |     2 |     5 ||     8
 Armour: Gold dragon scale |     4 |    14 |    42 ||    60
  Dodge: Dodged            |       |       |     3 ||     3
